 Dungeon Crawl Stone Soup version 0.30.1-11-g7821555f0a (webtiles) character file.

Game seed: 8040870262241486903

306 anacleto the Shooter (level 6, -9/32 HPs)
             Began as a Spriggan Hunter on Dec 10, 2023.
             Mangled by a wraith (13 damage)
             ... in an ossuary.
             The game lasted 00:11:03 (3473 turns).

anacleto the Shooter (Spriggan Hunter)              Turns: 3473, Time: 00:11:04

Health: -9/32      AC:  3    Str:  7    XL:     6   Next: 16%
Magic:  9/9        EV: 20    Int: 10    God:
Gold:   240        SH:  5    Dex: 21    Spells: 6/8 levels left

rFire   + . .        b - +5 club (spect)
rCold   . . .        (no shield)
rNeg    . . .        c - +0 robe
rPois   .            (helmet restricted)
rElec   .            p - +0 cloak
rCorr   .            (gloves unavailable)
SInv    +            (boots unavailable)
Will    +....        w - amulet of reflection
Stlth   +++          e - ring of protection from fire
HPRegen 0.25/turn    (no ring)
MPRegen 0.11/turn

%: reflection
@: slowed, quick
A: very small, no large weapons, unfitting armour, see invisible, speed 3
a: no special abilities


You were in an ossuary.
You visited 1 branch of the dungeon, and saw 4 of its levels.
You also visited: Ossuary.

You collected 240 gold pieces.

Inventory:

Hand Weapons
 a - a +0 shortbow
 b - a +5 spectral club (weapon)
 i - a +0 dagger of holy wrath
Armour
 c - a +0 robe (worn)
 p - a +0 cloak (worn)
Magical Staves
 y - a staff of poison
Jewellery
 e - a ring of protection from fire (left hand)
 s - an amulet of faith
 w - an amulet of reflection (around neck)
Scrolls
 h - 3 scrolls of enchant armour {unknown}
 k - 7 scrolls of identify {unknown}
 l - a scroll of enchant weapon {unknown}
 m - 2 scrolls of noise {unknown}
 n - 2 scrolls of amnesia {unknown}
 r - 3 scrolls of magic mapping {unknown}
 t - a scroll of poison {unknown}
 u - a scroll of acquirement {unknown}
 v - a scroll of immolation
 z - 2 scrolls of teleportation {unknown}
 B - a scroll of vulnerability {unknown}
Potions
 d - 3 potions of heal wounds
 f - a potion of might {unknown}
 g - a potion of berserk rage {unknown}
 j - 2 potions of attraction {unknown}
 o - a potion of ambrosia {unknown}
 q - 2 potions of curing {unknown}
 x - a potion of degeneration {unknown}
 A - a potion of flight {unknown}
 C - a potion of lignification {unknown}
 D - 2 potions of invisibility {unknown}


   Skills:
 + Level 2.7 Fighting
 + Level 4.8 Ranged Weapons
 + Level 4.6 Dodging
 + Level 4.8 Stealth
 + Level 1.6 Spellcasting
 + Level 1.1 Fire Magic


You had 6 spell levels left.
You knew the following spells:

 Your Spells              Type           Power      Damage    Failure   Level
a - Scorch                Fire           6%         2d5       30%         2

Your spell library contained the following spells:

 Spells                   Type           Power      Damage    Failure   Level
 Inner Flame              Hex/Fire       2%         N/A       58%         3
 Flame Wave               Conj/Fire      2%         2d4       94%         4
 Olgreb's Toxic Radiance  Pois           0%         N/A       97%         4
 Yara's Violent Unravell  Hex/Tmut       0%         3d3       100%        5
 Summon Cactus Giant      Summ           0%         N/A       100%        6
 Enfeeble                 Hex            0%         N/A       100%        7
 Discord                  Hex            0%         N/A       100%        8
 Ignition                 Fire           1%         3d3       100%        8


Dungeon Overview and Level Annotations

Branches:
Dungeon (4/15)            Ossuary (1/1)
 Temple: D:4-7

Altars:
Qazlal
Sif Muna
Yredelemnul

Annotations:
D:3 1 runed translucent door, Glitchless's ghost, amateur GrBe


Innate Abilities, Weirdness & Mutations

You are very small and have problems with some larger weapons.
You are too small for most types of armour.
You have supernaturally acute eyesight. (SInv)
You cover ground extremely quickly. (Speed+++)


Message History

The wraith drains your vigour!
You feel yourself slow down.
You feel much better.
Your +5 spectral club disappears.
You block the wraith's attack.
You hit the wraith.
The wraith is almost destroyed.
Your +5 spectral club completely misses the wraith.
The wraith closely misses you. The wraith misses you.
You hit the wraith but do no damage.
The wraith is almost destroyed.
Your +5 spectral club hits the wraith but does no damage.
The wraith closely misses you. The wraith completely misses you.
You hit the wraith but do no damage.
The wraith is almost destroyed.
Your +5 spectral club hits the wraith but does no damage.
You feel yourself speed up. The wraith hits you. The wraith drains your vigour!
You feel yourself slow down. The wraith completely misses you.
You hit the wraith.
The wraith is almost destroyed.
Your +5 spectral club hits the wraith but does no damage.
The wraith barely misses you. The wraith hits you.
You barely miss the wraith.
The wraith is almost destroyed.
Your +5 spectral club hits the wraith but does no damage.
The wraith hits your +5 spectral club but does no damage.
The wraith completely misses your +5 spectral club.
You hit the wraith but do no damage.
The wraith is almost destroyed.
Your +5 spectral club hits the wraith.
The wraith hits you! The wraith hits you.
You hit the wraith but do no damage.
The wraith is almost destroyed.
Your +5 spectral club closely misses the wraith.
The wraith hits you!
* * * LOW HITPOINT WARNING * * *
The wraith drains your vigour!
You feel as though you will be slow longer.
The wraith hits you!
You die...

#...# #...#
##'''##
##.....##
####.......####
#W▓...∩.∩...▓W#
####...(...####
##..W..##
##.@.## ##▓##
#W# ###


You could see 2 wraiths and a friendly +5 spectral club.

Vanquished Creatures
  A jelly (D:4)
  Jessica (D:3)
  Terence (D:3)
  A mummy (Ossuary)
  6 gnolls
  7 adders
  4 worms
  A dart slug (D:3)
  4 bats
  4 endoplasms
  4 giant cockroaches
  5 goblins
  2 hobgoblins (D:3)
  2 jackals (D:1)
  6 quokkas
  5 ball pythons
  2 frilled lizards
  6 gnoll skeletons (Ossuary)
  7 kobolds
  8 kobold skeletons (Ossuary)
  11 orc skeletons (Ossuary)
  4 rats
92 creatures vanquished.

Notes
Turn   | Place    | Note
-------+----------+-------------------------------------------
     0 | D:1      | anacleto the Spriggan Hunter began the quest for the Orb.
     0 | D:1      | Reached XP level 1. HP: 10/10 MP: 2/2
   217 | D:1      | Found a faded altar of an unknown god.
   237 | D:1      | Reached XP level 2. HP: 14/15 MP: 3/3
   705 | D:2      | Reached XP level 3. HP: 18/18 MP: 4/4
  1668 | D:3      | Reached XP level 4. HP: 13/23 MP: 5/5
  1817 | D:3      | Learned a level 2 spell: Scorch
  2004 | D:3      | Noticed Jessica
  2006 | D:3      | Killed Jessica
  2095 | D:3      | Noticed Terence
  2158 | D:3      | Killed Terence
  2159 | D:3      | Reached XP level 5. HP: 27/27 MP: 5/7
  2257 | D:3      | Reached skill level 1 in Spellcasting
  2586 | D:3      | Found a runed translucent door.
  2962 | D:3      | Noticed Glitchless's ghost (amateur GrBe)
  3078 | D:4      | Found a basalt altar of Yredelemnul.
  3079 | D:4      | Found a stormy altar of Qazlal.
  3082 | D:4      | Found a shimmering blue altar of Sif Muna.
  3180 | D:4      | Reached skill level 1 in Fire Magic
  3232 | D:4      | Reached XP level 6. HP: 32/32 MP: 9/9
  3240 | D:4      | Found a sand-covered staircase.
  3245 | Ossuary  | Entered an ossuary
  3245 | Ossuary  | Noticed a wraith
  3245 | Ossuary  | Noticed a wraith
  3245 | Ossuary  | Noticed a wraith
  3424 | Ossuary  | Noticed a wraith
  3473 | Ossuary  | Mangled by a wraith

Illustrated notes

Levels and vault maps discovered:
D:1:      dpeg_arrival_ternary, layout_basic, dreamdust_ecumenical_altar_statues
D:2:      layout_loops_corners
D:3:      wad_woods_tower, layout_basic, cheibrodos_sewer_entry_bend,
          ebering_ghost_sewer_d, grunt_decor_clamped,
          minmay_randomly_rotated_circles, uniq_terence, uniq_jessica
D:4:      layout_cave_pools, minitemple, nicolae_ossuary_entry_false_entrances,
          minmay_manual_mess, uniq_ijyb, uniq_pikel
Ossuary:  ossuary_due_mausoleum

Skill      XL: |  1  2  3  4  5 |
---------------+----------------+-----
Stealth        | 2 3 4 |  4.8
Dodging        | 3 4 |  4.6
Fighting       | 2 |  2.7
Spellcasting   | 1 |  1.6
Fire Magic     | 1 |  1.1
Ranged Weapons | |  4.8

Action                     |  1- 3 |  4- 6 || total
---------------------------+-------+-------++-------
  Melee: Club              |       |    27 ||    27
         Punch             |       |     1 ||     1
   Fire: Shortbow          |   108 |   160 ||   268
    Use: Potion            |       |     1 ||     1
 Armour: Robe              |     5 |     2 ||     7
  Dodge: Dodged            |    36 |    20 ||    56
  Block: Other             |       |     9 ||     9
